 Dungeon Crawl Stone Soup version 0.30-a0-930-gb9d0489357 (webtiles) character file.

Game seed: 11454759171779459271

271 mopl the Slasher (level 6, -3/47 (49) HPs)
             Began as a Merfolk Fighter on Mar 23, 2023.
             Slain by a wight
             ... wielding a +2 trident
              (13 damage)
             ... on level 4 of the Dungeon.
             The game lasted 00:02:50 (2471 turns).

mopl the Slasher (Merfolk Fighter)                  Turns: 2471, Time: 00:02:50

HP:   -3/47 (49)    AC:  7    Str: 19    XL:     6   Next: 23%
MP:   6/6           EV:  9    Int:  7    God:
Gold: 98            SH:  4    Dex: 13    Spells: 5/5 levels left

rFire   . . .      SeeInvis .    a - +0 long sword
rCold   . . .      Faith    .    c - +0 buckler
rNeg    . . .      Spirit   .    k - +0 scale mail
rPois   .          Reflect  .    (no helmet)
rElec   .          Rampage  .    (no cloak)
rCorr   .                        y - +0 pair of gloves
Will    .....                    (no boots) Stlth
                                 (no amulet)
HPRegen 0.27/turn                (no ring)
MPRegen 0.10/turn                (no ring)

@: lightly drained
A: (nimble swimmer 2), mertail
a: no special abilities


You were on level 4 of the Dungeon.
You visited 1 branch of the dungeon, and saw 4 of its levels.

You collected 98 gold pieces.

Inventory:

Hand Weapons
 a - a +0 long sword (weapon)
 b - a +2 dagger of venom
Missiles
 i - 6 boomerangs
 n - 9 poisoned darts (quivered)
 t - 4 curare-tipped darts
Armour
 c - a +0 buckler (worn)
 k - a +0 scale mail (worn)
 y - a +0 pair of gloves (worn)
Jewellery
 x - a ring of wizardry
Wands
 o - a wand of light (5)
Scrolls
 g - 2 scrolls of teleportation {unknown}
 h - a scroll of enchant weapon {unknown}
 l - 3 scrolls of identify {unknown}
 m - 2 scrolls of immolation {unknown}
 r - a scroll of butterflies {unknown}
 u - a scroll of vulnerability {unknown}
 w - a scroll of poison {unknown}
Potions
 d - 3 potions of might
 e - a potion of mutation {unknown}
 f - 4 potions of heal wounds {unknown}
 j - a potion of flight {unknown}
 p - a potion of degeneration {unknown}
 q - a potion of curing {unknown}
 s - a potion of ambrosia {unknown}
 v - a potion of lignification {unknown}


   Skills:
 + Level 4.7 Fighting
 * Level 5.9 Long Blades
 + Level 2.1 Throwing
 - Level 2.1 Armour
 - Level 3.0 Shields


You had 5 spell levels left.
You didn't know any spells.
Your spell library contained the following spells:

 Spells                   Type           Power      Damage    Failure   Level
 Sandblast                Erth           0%         2d4       88%         1
 Passwall                 Tmut/Erth      0%         N/A       96%         2
 Stone Arrow              Conj/Erth      0%         3d7       99%         3


Dungeon Overview and Level Annotations

Branches:
Dungeon (4/15)
 Temple: D:4-7

Altars:

Shops:
D:3 ((


Innate Abilities, Weirdness & Mutations

((You are very nimble when in or above water. (Stealth+, EV+, Speed+++)))
Your lower body shifts to a powerful aquatic tail in water.


Message History

You destroy the wight!
The bolt of light hits the wight!
You destroy the wight!
The bolt of light hits the wight!
You destroy the wight!
The bolt of light hits the orc!
You kill the orc!
Your Long Blades skill increases to level 5!
Your Throwing skill increases to level 2!
You have reached level 5!
You feel stronger.
You have reached level 6!
Aiming: Bolt of Light
Press: ? - help, Shift-Dir - straight line, f - wight
Aim: a wight, wielding a +2 trident and wearing a +0 robe (71% to hit)
The bolt of light hits the wight.
The wight is moderately damaged.
The wight is blinded.
Unknown command.
Aiming: Bolt of Light
Press: ? - help, Shift-Dir - straight line, f/p - wight
Aim: a wight, wielding a +2 trident and wearing a +0 robe (moderately damaged, blind, 71% to hit)
The bolt of light hits the wight.
The wight is heavily damaged.
Unknown command.
Aiming: Bolt of Light
Press: ? - help, Shift-Dir - straight line, f/p - wight
Aim: a wight, wielding a +2 trident and wearing a +0 robe (heavily damaged, blind, 71% to hit)
The bolt of light hits the wight.
The wight is almost destroyed.
The wight barely misses you.
Things that are here:
a +0 war axe; a +0 robe The wight hits you with a +2 trident.
* * * LOW HITPOINT WARNING * * *
You feel drained.
You hit the wight but do no damage.
The wight is almost destroyed.
The wight hits you with a +2 trident!
You die...

#.........
#.........
#......... #+#
#......... #.#
#......... #.#
#......... #.#
#......... #)#
##......... #@#
#.......... #z#
###..........
#)####...#########
#).....###
#.####.#
#######.####.#
...........#.#
#######.##.#.#
########....# #.+


You could see a wight (blind).

Vanquished Creatures
  3 wights (D:4)
  4 adders
  A worm (D:2)
  3 dart slugs (D:1)
  2 orcs
  9 ball pythons
  4 endoplasms
  3 giant cockroaches
  5 goblins
  6 hobgoblins
  10 jackals
  7 kobolds
  A quokka (D:2)
  3 bats
  2 frilled lizards
  A rat (D:1)
64 creatures vanquished.

Notes
Turn   | Place    | Note
-------+----------+-------------------------------------------
     0 | D:1      | mopl the Merfolk Fighter began the quest for the Orb.
     0 | D:1      | Reached XP level 1. HP: 18/18 MP: 1/1
    55 | D:1      | Reached skill level 3 in Long Blades
    61 | D:1      | Reached XP level 2. HP: 6/24 MP: 2/2
   193 | D:1      | Reached XP level 3. HP: 19/30 MP: 3/3
   642 | D:2      | Reached skill level 4 in Long Blades
  1079 | D:2      | Reached skill level 4 in Fighting
  1085 | D:2      | Reached XP level 4. HP: 31/37 MP: 4/4
  1672 | D:3      | Found Saliy's Antique Weapon Shop.
  1761 | D:3      | Found Letser's Weapon Boutique.
  1888 | D:3      | Reached skill level 1 in Throwing
  2147 | D:3      | Found Riyteux's Assorted Antiques.
  2466 | D:4      | Reached skill level 5 in Long Blades
  2466 | D:4      | Reached skill level 2 in Throwing
  2466 | D:4      | Reached XP level 5. HP: 11/43 MP: 5/5
  2466 | D:4      | Reached XP level 6. HP: 13/49 MP: 6/6
  2471 | D:4      | Slain by a wight

Illustrated notes

Levels and vault maps discovered:
D:1:      mainiacjoe_arrival_reflecting_pool, layout_loops_ring
D:2:      layout_basic, st_stairs_11
D:3:      layout_loops_ring, serial_shops, shop, nicolae_lakefront_shop, shop
D:4:      layout_basic, mainiacjoe_overflow_24_doors, portal_sewer_entry_d

Skill      XL: |  1  2  3  4 |
---------------+-------------+-----
Long Blades    | 3 4 5 |  5.9
Fighting       | 4 |  4.7
Throwing       | 2 |  2.1
Armour         | |  2.1
Shields        | |  3.0

Action                     |  1- 3 |  4- 6 || total
---------------------------+-------+-------++-------
  Melee: Long sword        |   114 |    80 ||   194
         Dagger            |       |     4 ||     4
  Evoke: Wand              |       |     5 ||     5
   Stab: Invisible         |       |     1 ||     1
 Armour: Scale mail        |    73 |    46 ||   119
  Dodge: Dodged            |    57 |    44 ||   101
  Block: Buckler           |    28 |    20 ||    48

Table legend: (Time is in decaauts)
 A = Elapsed time spent in this place.
 B = Non-inter-level travel time spent in this place.
 C = Inter-level travel time spent in this place.
 D = Time resting spent in this place.
 E = Time spent auto-exploring this place.
 F = Levels seen in this place.
 G = Mean time per level.
                   A        B        C        D        E       F      G
               +--------+--------+--------+--------+--------+-----+--------+
         Total |   2511 |   2389 |    122 |     98 |   1798 |   4 |  627.8 |
       Dungeon |   2511 |   2389 |    122 |     98 |   1798 |   4 |  627.8 |
               +--------+--------+--------+--------+--------+-----+--------+

Top non-repeatable levels by time:
     D:2: 1045 daAuts
     D:3: 733 daAuts
     D:1: 658 daAuts
     D:4: 73 daAuts
